 Dungeon Crawl Stone Soup version 0.15.2 (webtiles) character file.

235874 glosham the Shatterer (level 19, -13/234 HPs)
             Began as an Ogre Arcane Marksman on Apr 2, 2017.
             Was the Champion of Makhleb.
             Mangled by a merfolk impaler
             ... wielding a +0 demon trident
              (16 damage)
             ... on Level 5 of the Shoals on Apr 5, 2017.
             The game lasted 11:44:41 (32293 turns).

glosham the Shatterer (Ogre Arcane Marksman)       Turns: 32293, Time: 11:44:42

HP -13/234       AC 14     Str 23      XL: 19   Next: 64%
MP   0/35        EV 17     Int 15      God: Makhleb [******]
Gold 461         SH  0     Dex 11      Spells:  4 memorised, 32 levels left

rFire  + + +     SeeInvis +     a - +6 giant club of Utiezec {freeze, Dex-2}
rCold  . . .     Clarity  .     X - +4 troll leather armour "Phuath" {rF+ Int+3 Stlth+}
rNeg   + . .     rCorr    .     (shield restricted)
rPois  +         rRot     .     W - +2 hat {Spirit}
rElec  .         Spirit   +     Y - +2 cloak {rPois}
SustAb .         Warding  .     (gloves unavailable)
rMut   .         Stasis   +     (boots unavailable)
Gourm  .                        z - amulet of Mnouruoca {Stasis rF++ rN+ Slay+5}
MR     +....                    I - ring of see invisible
                                A - +3 ring of evasion

@: lethally poisoned, somewhat resistant to hostile enchantments, unstealthy
A: unfitting armour, claws 1, tough skin 1
a: Minor Destruction, Lesser Servant of Makhleb, Major Destruction, Greater
Servant of Makhleb, Renounce Religion
}: 1/15 runes: serpentine


You were on level 5 of the Shoals.
You worshipped Makhleb.
Makhleb was exalted by your worship.
You were not hungry.

You visited 6 branches of the dungeon, and saw 39 of its levels.
You also visited: Labyrinth, Sewer, Ice Cave and Volcano.

You collected 4420 gold pieces.
You spent 3959 gold pieces at shops.

Inventory:

Hand weapons
 a - the +6 giant club of Utiezec (weapon) {freeze, Dex-2}
   (You acquired it on level 2 of the Lair of Beasts)

   It has been specially enchanted to freeze those struck by it, causing extra
   injury to most foes and up to double damage against particularly susceptible
   opponents.
   It can also slow down cold-blooded creatures.
   It affects your dexterity (-2).
 b - the +0 dagger "Poj Mies" {flame, rF+ MR+ Int+2}
   (You found it on level 5 of the Snake Pit)

   It emits flame when wielded, causing extra injury to most foes and up to
   double damage against particularly susceptible opponents.
   It affects your intelligence (+2).
   It protects you from fire.
   It affects your resistance to hostile enchantments.
 c - a +0 blowgun
Missiles
 d - 7 throwing nets
 e - 21 large rocks (quivered)
 f - 41 javelins
 g - 45 tomahawks
 h - 10 curare-tipped needles
 i - 633 stones
 Q - 6 silver tomahawks
Armour
 W - a +2 hat of spirit shield (worn)
 X - the +4 troll leather armour "Phuath" (worn) {rF+ Int+3 Stlth+}
   (You found it in a labyrinth)

   It affects your intelligence (+3).
   It protects you from fire.
   It makes you more stealthy.
 Y - a +2 cloak of poison resistance (worn)
Magical devices
 j - a wand of digging (3)
 M - a wand of fireball (3)
 O - a wand of cold (3)
 P - a wand of fire (9)
Comestibles
 F - 11 meat rations
 R - 4 chunks of mermaid flesh
Scrolls
 k - 8 scrolls of teleportation
 l - 5 scrolls of blinking
 m - a scroll of fog
 n - 7 scrolls of fear
 o - 5 scrolls of remove curse
 p - 8 scrolls of identify
 q - 9 scrolls of recharging
 H - a scroll of magic mapping
 K - a scroll of silence {!r}
Jewellery
 x - an uncursed amulet of resist corrosion
 y - an uncursed amulet of clarity
 z - the amulet of Mnouruoca (around neck) {Stasis rF++ rN+ Slay+5}
   (You found it on level 1 of the Shoals)

   [amulet of stasis]

   It prevents you from being teleported, slowed, hasted or paralysed.
   It affects your accuracy and damage with ranged weapons and melee attacks
   (+5).
   It greatly protects you from fire.
   It protects you from negative energy.
 A - a +3 ring of evasion (left claw)
 B - an uncursed ring of wizardry
 C - an uncursed ring of protection from cold
 G - an uncursed ring of protection from fire
 I - a ring of see invisible (right claw)
 N - an uncursed amulet of faith {!P}
 T - an uncursed ring of teleport control
Potions
 r - 8 potions of heal wounds
 s - 11 potions of curing
 t - 2 potions of resistance
 u - a potion of haste
 v - 3 potions of invisibility
 w - a potion of cancellation
 D - 4 potions of agility
 E - 5 potions of might
 L - 2 potions of cure mutation {!q}
 U - a potion of flight
Magical staves
 V - an uncursed staff of death
Rods
 J - a -1 lightning rod (12/12)
   (You found it on level 1 of the Shoals)


   Skills:
 * Level 24.3 Fighting
 * Level 24.3 Maces & Flails
 - Level 15.7 Throwing
 - Level 4.1 Armour
 + Level 9.9 Dodging
 - Level 10.0 Spellcasting
 - Level 2.1 Hexes
 - Level 1.0 Charms
 - Level 1.0 Translocations
 - Level 1.0 Air Magic


You had 32 spell levels left.
You knew the following spells:

 Your Spells              Type           Power        Failure   Level  Hunger
a - Apportation           Tloc           ##........   8%          1    None
c - Corona                Hex            ##.....      4%          1    None
f - Flight                Chrm/Air       ##........   21%         3    #......
A - Animate Skeleton      Necr           N/A          12%         1    None


Dungeon Overview and Level Annotations

Branches:
Dungeon (15/15)            Temple (0/1) D:7             Orc (4/4) D:10
    Elf (2/3) Orc:4          Lair (8/8) D:10         Shoals (5/5) Lair:3
  Snake (5/5) Lair:3        Slime (0/6) Lair:8       Vaults (0/5) D:14
 Depths (0/5) D:15

Altars:
Cheibriados
Fedhas
Kikubaaqudgha
Makhleb
Okawaru
Xom
Yredelemnul
Zin
Beogh

Shops:
D:6 (   D:9 [   D:13 *   D:15 *   Orc:4 [:(*   Elf:1 [   Snake:2 (   Snake:5 =


Innate Abilities, Weirdness & Mutations

You are too large for most types of armour.
You have tough skin (AC +1).
You have sharp fingernails.


Message History

The merfolk impaler misses you.
The merfolk aquamancer hits you but does no damage.
The merfolk impaler hits you with a trident!
You sock the merfolk aquamancer! You freeze the merfolk aquamancer.
The merfolk aquamancer is moderately wounded.
The merfolk impaler hits you from afar with a demon trident!
The merfolk impaler barely misses you.
You crush the merfolk aquamancer like a grape!!!
You freeze the merfolk aquamancer!
You kill the merfolk aquamancer!
Makhleb accepts your kill.
You feel sick.
The merfolk impaler hits you with a trident.
The merfolk impaler hits you from afar with a demon trident!
* * * LOW HITPOINT WARNING * * *
You bludgeon the merfolk impaler!! You freeze the merfolk impaler.
The merfolk impaler is severely wounded.
The merfolk impaler hits you but does no damage.
The merfolk impaler hits you with a trident.
* * * LOW HITPOINT WARNING * * *
You sock the merfolk impaler! You freeze the merfolk impaler.
The merfolk impaler is severely wounded.
The merfolk impaler hits you with a trident!!
* * * LOW HITPOINT WARNING * * *
The merfolk impaler hits you from afar with a demon trident!!
* * * LOW HITPOINT WARNING * * *
Drink which item? (? for menu, Esc to quit)
You feel much better.
The merfolk impaler hits you from afar with a demon trident!
* * * LOW HITPOINT WARNING * * *
The merfolk impaler hits you with a trident!
* * * LOW HITPOINT WARNING * * *
The merfolk impaler hits you with a trident!
* * * LOW HITPOINT WARNING * * *
Read which item? (? for menu, Esc to quit)
You cannot teleport right now.
You bludgeon the plant!! You freeze the plant!
The plant is severely damaged.
The merfolk impaler hits you from afar with a demon trident!
You die...

≈.................≈≈≈≈≈≈
≈.................≈≈≈≈≈≈
≈..................≈≈≈≈≈
≈≈.................≈≈(≈≈≈
≈≈.................≈≈≈≈P≈
≈≈..................≈≈≈P≈
≈≈.............)....≈≈≈PP≈
≈≈≈.≈......P..P.P)#####P≈
≈≈#####.)).P(PPP@##
≈##..≈##))...PPm)#
≈#...|)#.))..PP.m'mmm..#
≈#.....')).≈≈≈≈≈P#%m...#
≈#.....#≈≈≈≈≈≈≈≈≈##...##
≈##...##≈≈≈≈≈≈≈≈≈≈#####
≈≈#####≈≈≈≈≈≈≈≈≈≈≈
≈≈≈≈≈≈≈≈≈≈≈≈≈≈≈≈≈≈
≈≈≈≈≈≈≈≈≈≈≈≈≈≈≈≈≈≈≈


You could see 2 merfolk impalers.

Vanquished Creatures
  Norris (Snake:3)
  Mara (Snake:4)
  Nikola (Shoals:1)
  Vashnia (Snake:2)
  A kraken (Shoals:3)
  Rupert (Snake:3)
  Frances (Elf:2)
  Kirke (Elf:1)
  Roxanne (Elf:2)
  Ilsuiw (Shoals:5)
  Donald (Orc:4)
  Wiglaf (Snake:3)
  Maud (Lair:4)
  8 greater nagas
  Aizul (Snake:2)
  Louise (Elf:1)
  Jorgrun (Elf:2)
  An orc warlord (Orc:4)
  A deep elf annihilator (Elf:1)
  A minotaur (Lab)
  An ettin (D:15)
  Snorg (Elf:1)
  4 merfolk javelineers (Shoals:5)
  A deep elf death mage (Elf:2)
  6 merfolk impalers
  Fannar (Lair:4)
  A fire dragon (Lair:8)
  9 hydras
  Harold (Orc:2)
  14 naga warriors
  2 ice dragons (IceCv)
  Nessos (D:15)
  Erica (D:14)
  A siren (Shoals:3)
  A satyr (Shoals:3)
  6 anacondas
  A centaur warrior (D:14)
  4 merfolk aquamancers
  3 death yaks (Lair:6)
  An ogre mage (D:15)
  A tengu warrior (D:15)
  4 shock serpents
  19 naga sharpshooters
  Urug (Orc:4)
  A shock serpent (shapeshifter) (D:15)
  12 deep elf knights
  An orc high priest (Orc:4)
  11 sea snakes
  A salamander mystic (Snake:5)
  2 unseen horrors
  A deep troll (D:8)
  2 lindwurms
  2 ice statues (IceCv)
  3 orc knights
  A wizard (D:14)
  9 naga ritualists
  11 hill giants
  8 deep elf summoners
  7 deep elf conjurers
  24 harpies
  6 mana vipers
  3 oklob plants
  6 griffons
  5 cyclopes
  4 orc sorcerers (Orc:4)
  11 ugly things
  A necromancer (D:14)
  7 fauns
  8 salamanders
  A draconian (shapeshifter) (Elf:2)
  6 manticores
  Maurice (Orc:4)
  4 water nymphs
  An octopode (shapeshifter) (D:12)
  3 guardian serpents
  7 mermaids
  An elephant (D:10)
  37 black mambas
  2 gargoyles
  A red wasp (shapeshifter) (D:13)
  An orange crystal statue (Orc:2)
  Psyche (Orc:4)
  23 naga magi
  6 komodo dragons
  An orange demon (D:13)
  9 spiny frogs
  A kobold demonologist (D:13)
  3 fire drakes
  9 trolls
  A jumping spider (shapeshifter) (Elf:1)
  A queen bee (D:12)
  2 wind drakes
  Sonja (Snake:1)
  2 two-headed ogres
  21 merfolk
  7 deep elf priests
  6 polar bears
  33 blink frogs
  A boulder beetle (Lair:8)
  3 slime creatures (D:12)
  11 basilisks
  7 snapping turtles
  22 water elementals
  A shadow (D:8)
  36 yaks
  4 wyverns
  14 deep elf magi
  2 hungry ghosts
  A vampire (D:13)
  3 wraiths
  Eustachio (D:9)
  8 fire bats (Volcano)
  3 steam dragons
  9 deep elf fighters
  10 hogs
  8 wargs
  12 hippogriffs
  34 nagas
  38 water moccasins
  6 mottled dragons
  16 wolves
  4 hell hounds (Lair:8)
  Menkaure (D:5)
  A soldier ant (D:15)
  2 swamp drakes (Lair:8)
  A yellow wasp (D:12)
  2 porcupines
  3 sky beasts
  11 black bears
  2 lost souls (Elf:2)
  17 ice beasts
  A boring beetle (Lair:5)
  A manticore skeleton (D:14)
  8 ogres
  10 centaurs
  17 crocodiles
  A phantom (D:4)
  16 orc warriors
  A boring beetle (shapeshifter) (D:14)
  A big kobold (Sewer)
  23 giant frogs
  A gnoll sergeant (D:10)
  2 scorpions
  A tengu zombie (D:14)
  27 killer bees
  A spriggan skeleton (Lab)
  A hippogriff skeleton (D:8)
  A troll skeleton (Lab)
  5 wights (D:10)
  4 lava snakes (Volcano)
  20 hounds
  A crimson imp (D:8)
  4 electric eels
  4 goliath beetles
  6 jellies
  A centaur zombie (D:7)
  27 orc priests
  A giant frog skeleton (D:8)
  A centaur skeleton (D:9)
  A basilisk skeleton (D:13)
  32 orc wizards
  15 iguanas
  6 worker ants
  11 orange rats
  35 sheep
  A crocodile skeleton (D:14)
  2 ogre skeletons (Lab)
  A hound zombie (D:7)
  A worker ant zombie (D:6)
  13 gnolls
  16 adders
  40 green rats
  A giant mite (D:5)
  2 orc skeletons
  6 shadow imps
  6 worms
  An iguana zombie (D:11)
  9 giant geckos
  11 oozes
  151 orcs
  6 ball pythons
  7 giant cockroaches
  A gnoll skeleton (D:4)
  17 goblins
  25 hobgoblins
  13 jackals
  12 kobolds
  14 quokkas
  14 bats
  4 giant newts
  2 giant spores
  A kobold zombie (D:5)
  15 rats
  2 rat zombies
  9 ballistomycetes
  A bush (Lair:6)
  11 fungi
  18 plants
  4 tentacles (Shoals:3)
1469 creatures vanquished.

Vanquished Creatures (collateral kills)
  A mummy (D:13)
1 creature vanquished.

Vanquished Creatures (others)
  A black mamba (Lair:8)
  A human (Elf:1)
  A naga (Snake:5)
  2 killer bees (D:8)
  An orc wizard (D:8)
  2 giant spores
  A ballistomycete (D:8)
  14 fungi
  8 plants
  3 tentacles (Shoals:3)
  27 tentacle segments (Shoals:3)
61 creatures vanquished.

Grand Total: 1531 creatures vanquished

Notes
Turn   | Place    | Note
--------------------------------------------------------------
     0 | D:1      | glosham, the Ogre Arcane Marksman, began the quest for the Orb.
     0 | D:1      | Reached XP level 1. HP: 19/19 MP: 2/2
    89 | D:1      | Reached skill level 2 in Fighting
   124 | D:1      | HP: 1/20 [hobgoblin (5)]
   138 | D:1      | HP: 1/20 [bat (1)]
   140 | D:1      | Reached skill level 1 in Maces & Flails
   261 | D:1      | Reached XP level 2. HP: 4/28 MP: 0/3
   273 | D:1      | HP: 1/28 [kobold/dagger (3)]
   287 | D:1      | Reached skill level 2 in Maces & Flails
   540 | D:3      | Found a burning altar of Makhleb.
   544 | D:3      | Became a worshipper of Makhleb the Destroyer
   595 | D:1      | Reached XP level 3. HP: 28/36 MP: 2/4
   967 | D:2      | Reached skill level 3 in Maces & Flails
  1042 | D:2      | Reached skill level 3 in Fighting
  1324 | D:4      | Acquired Makhleb's first power
  1324 | D:4      | Reached XP level 4. HP: 15/45 MP: 3/6
  1408 | D:4      | Reached skill level 4 in Maces & Flails
  1490 | D:4      | Reached skill level 4 in Fighting
  1557 | D:4      | Found a glowing drain.
  1582 | Sewer    | Entered a sewer
  1593 | Sewer    | Reached XP level 5. HP: 41/54 MP: 5/7
  1641 | Sewer    | Acquired Makhleb's second power
  1833 | Sewer    | Noticed a big kobold
  1866 | Sewer    | Killed a big kobold
  1866 | Sewer    | Reached skill level 5 in Fighting
  1866 | Sewer    | Reached skill level 5 in Maces & Flails
  1919 | Sewer    | Reached XP level 6. HP: 34/66 MP: 6/8
  2072 | Sewer    | Gained mutation: You have sharp fingernails. [potion of beneficial mutation]
  2161 | D:4      | Noticed a phantom
  2205 | D:4      | Killed a phantom
  2660 | D:3      | Found a blossoming altar of Fedhas.
  2967 | D:5      | Entered Level 5 of the Dungeon
  2985 | D:5      | Reached skill level 6 in Fighting
  2985 | D:5      | Reached skill level 6 in Maces & Flails
  3003 | D:5      | Reached XP level 7. HP: 74/76 MP: 9/9
  3176 | D:5      | Noticed Menkaure
  3181 | D:5      | Killed Menkaure
  3181 | D:5      | Reached skill level 7 in Fighting
  3181 | D:5      | Reached skill level 7 in Maces & Flails
  3317 | D:5      | Acquired Makhleb's third power
  3527 | D:4      | Reached skill level 8 in Fighting
  3654 | D:6      | Reached skill level 8 in Maces & Flails
  3654 | D:6      | Reached XP level 8. HP: 85/88 MP: 9/11
  3673 | D:6      | Got a blackened quarterstaff
  3875 | D:5      | Reached skill level 9 in Fighting
  4127 | D:7      | Found a basalt altar of Yredelemnul.
  4145 | D:7      | Reached skill level 9 in Maces & Flails
  4156 | D:7      | Identified the +2 quarterstaff "Ghaubry" {pain, rC++ Str+4} (You found it on level 6 of the Dungeon)
  4578 | D:6      | Acquired Makhleb's fourth power
  4585 | D:6      | Found Mnaujah's Weapon Shoppe.
  4713 | D:7      | Found a shimmering altar of Xom.
  4745 | D:7      | Reached skill level 10 in Fighting
  4745 | D:7      | Reached skill level 10 in Maces & Flails
  4745 | D:7      | Reached XP level 9. HP: 101/101 MP: 12/12
  4804 | D:8      | Noticed a deep troll
  4836 | D:7      | Found a staircase to the Ecumenical Temple.
  5005 | D:8      | Reached skill level 3 in Throwing
  5035 | D:8      | Reached skill level 4 in Throwing
  5036 | D:8      | Found a shimmering altar of Xom.
  5058 | D:8      | Killed a deep troll
  5058 | D:8      | Reached skill level 6 in Throwing
  5149 | D:8      | HP: 8/102 [killer bee (3)]
  5184 | D:8      | Found a burning altar of Makhleb.
  5184 | D:8      | Noticed a griffon
  5190 | D:8      | Killed a griffon
  5190 | D:8      | Reached skill level 11 in Fighting
  5190 | D:8      | Reached skill level 11 in Maces & Flails
  5196 | D:8      | Reached XP level 10. HP: 32/114 MP: 13/13
  5199 | D:8      | Reached skill level 7 in Throwing
  5200 | D:8      | Found an iron altar of Okawaru.
  5329 | D:8      | Acquired Makhleb's fifth power
  5748 | D:7      | Learned a level 1 spell: Apportation
  5934 | D:9      | Reached skill level 12 in Fighting
  6041 | D:9      | Found a glowing silver altar of Zin.
  6043 | D:9      | Noticed Eustachio
  6054 | D:9      | Reached skill level 12 in Maces & Flails
  6079 | D:9      | Killed Eustachio
  6465 | D:9      | Found Kedid's Antique Armour Shoppe.
  6488 | D:9      | Bought a glowing cloak for 112 gold pieces
  6788 | D:10     | Entered Level 10 of the Dungeon
  6956 | D:11     | Noticed a hill giant
  6962 | D:11     | Reached skill level 8 in Throwing
  6970 | D:11     | Killed a hill giant
  6970 | D:11     | Reached skill level 13 in Fighting
  7010 | D:11     | Noticed a white ugly thing
  7019 | D:11     | Killed a white ugly thing
  7019 | D:11     | Reached skill level 13 in Maces & Flails
  7019 | D:11     | Reached XP level 11. HP: 127/127 MP: 14/14
  7130 | D:11     | Reached skill level 14 in Maces & Flails
  7799 | D:10     | Found a staircase to the Lair.
  7799 | D:10     | Noticed an elephant
  7810 | D:10     | Killed an elephant
  7861 | D:10     | Reached skill level 15 in Maces & Flails
  7994 | D:10     | Found a staircase to the Orcish Mines.
  8152 | Lair:1   | Entered Level 1 of the Lair of Beasts
  8194 | Lair:1   | Learned a level 1 spell: Animate Skeleton
  8300 | Orc:1    | Entered Level 1 of the Orcish Mines
  8757 | Orc:2    | Noticed an orc knight
  9122 | Orc:1    | Killed an orc knight
  9197 | Orc:1    | Reached skill level 16 in Maces & Flails
  9666 | Orc:2    | Noticed Harold
  9682 | Orc:2    | Killed Harold
  9995 | Orc:3    | Reached skill level 17 in Maces & Flails
 10046 | Orc:3    | Reached XP level 12. HP: 136/136 MP: 16/16
 10147 | Orc:4    | Entered Level 4 of the Orcish Mines
 10155 | Orc:4    | Noticed Psyche
 10177 | Orc:4    | Killed Psyche
 10208 | Orc:4    | Noticed Urug
 10234 | Orc:4    | Killed Urug
 10277 | Orc:4    | Found a dark tunnel.
 10286 | Volcano  | Entered a volcano
 10609 | Volcano  | Reached skill level 18 in Maces & Flails
 10753 | Volcano  | Found a radiant altar of Vehumet.
 10772 | Volcano  | Found a burning altar of Makhleb.
 10847 | Orc:4    | Noticed Maurice
 10863 | Orc:4    | Killed Maurice
 10984 | Orc:4    | Found a staircase to the Elven Halls.
 11117 | Orc:4    | Reached skill level 19 in Maces & Flails
 11138 | Orc:4    | Noticed Donald
 11297 | Orc:4    | Noticed an orc high priest
 11323 | Orc:4    | Killed an orc high priest
 11470 | Orc:4    | Noticed an orc warlord
 11485 | Orc:4    | Killed an orc warlord
 11510 | Orc:4    | Found a roughly hewn altar of Beogh.
 11527 | Orc:4    | Found Blafeitia's General Store.
 11559 | Orc:4    | Reached skill level 20 in Maces & Flails
 11570 | Orc:4    | Found Twoadgh's Book Boutique.
 11639 | Orc:4    | Found Zyphe's Antique Weapon Boutique.
 11658 | Orc:4    | Found Cetoid's Antique Armour Boutique.
 11732 | Orc:4    | Killed Donald
 11732 | Orc:4    | Reached XP level 13. HP: 144/144 MP: 17/17
 12038 | Lair:2   | Identified a scroll of acquirement
 12039 | Lair:2   | Got a jewelled giant club
 12040 | Lair:2   | Identified the +6 giant club of Utiezec {freeze, Dex-2} (You acquired it on level 2 of the Lair of Beasts)
 12093 | Lair:2   | Found a labyrinth entrance.
 12220 | Lab      | Entered a labyrinth
 12785 | Lab      | Noticed a minotaur
 12788 | Lab      | Killed a minotaur
 12799 | Lab      | Got an ichor-stained troll leather armour
 12810 | Lab      | Identified the +4 troll leather armour "Phuath" {rF+ Int+3 Stlth+} (You found it in a labyrinth)
 12889 | Lair:2   | Reached skill level 9 in Throwing
 13232 | Lair:1   | Reached skill level 10 in Throwing
 13257 | Lair:1   | Noticed a five-headed hydra
 13265 | Lair:1   | Killed a five-headed hydra
 13324 | Lair:1   | Reached skill level 11 in Throwing
 13641 | Lair:2   | Reached skill level 12 in Throwing
 13844 | Lair:3   | Reached skill level 13 in Throwing
 14101 | Lair:3   | Reached skill level 14 in Throwing
 14330 | Lair:3   | Found a staircase to the Shoals.
 14388 | Lair:3   | Reached skill level 15 in Throwing
 14390 | Lair:3   | Found a staircase to the Snake Pit.
 14573 | Lair:3   | Reached XP level 14. HP: 134/153 MP: 18/18
 14821 | Lair:4   | Reached skill level 14 in Fighting
 15511 | Lair:8   | Entered Level 8 of the Lair of Beasts
 15528 | Lair:8   | Reached skill level 15 in Fighting
 15737 | Lair:8   | Found a staircase to the Slime Pits.
 15951 | Lair:8   | Reached skill level 16 in Fighting
 16301 | Lair:8   | Reached skill level 17 in Fighting
 16668 | Lair:8   | Reached skill level 18 in Fighting
 17078 | Lair:7   | Reached XP level 15. HP: 176/176 MP: 18/18
 17917 | Lair:4   | Reached skill level 19 in Fighting
 18200 | Lair:4   | Noticed Maud
 18205 | Lair:4   | Killed Maud
 18262 | Lair:4   | Noticed Fannar
 18269 | Lair:4   | Killed Fannar
 18607 | D:12     | Reached skill level 21 in Maces & Flails
 19021 | D:13     | Found Wioru's Serpentskin Sales.
 19531 | D:14     | Noticed Erica
 19534 | D:14     | Killed Erica
 19597 | D:14     | Found a frozen archway.
 19614 | IceCv    | Entered an ice cave
 19773 | IceCv    | Reached skill level 20 in Fighting
 19893 | IceCv    | Got a steaming ruby amulet
 19919 | IceCv    | Identified the amulet of Chiexkih {Spirit Stlth+} (You found it in an ice cave)
 20315 | D:15     | Entered Level 15 of the Dungeon
 20377 | D:15     | Found a staircase to the Depths.
 20483 | D:15     | Reached skill level 22 in Maces & Flails
 20501 | D:15     | Reached XP level 16. HP: 193/195 MP: 20/20
 20504 | D:15     | Found Xom Uxex's Assorted Antiques.
 20531 | D:15     | Bought a potion of haste for 238 gold pieces
 20531 | D:15     | Bought a scroll of identify for 68 gold pieces
 20618 | D:14     | Found a glowing silver altar of Zin.
 20712 | D:14     | Reached skill level 21 in Fighting
 20971 | D:14     | Found a gate to the Vaults.
 21147 | D:15     | Noticed Nessos
 21162 | D:15     | Killed Nessos
 21782 | Orc:4    | Bought a book of Dreams for 1125 gold pieces
 21787 | Orc:4    | Learned a level 3 spell: Flight
 21803 | Orc:4    | Bought a scroll of remove curse for 51 gold pieces
 21803 | Orc:4    | Bought a scroll of blinking for 127 gold pieces
 21803 | Orc:4    | Bought 2 scrolls of teleportation for 102 gold pieces
 21825 | Elf:1    | Entered Level 1 of the Elven Halls
 21870 | Elf:1    | Reached skill level 2 in Spellcasting
 21992 | Elf:1    | Reached skill level 3 in Spellcasting
 22066 | Elf:1    | Found Trifax's Armour Emporium.
 22119 | Elf:1    | Reached skill level 4 in Spellcasting
 22309 | Elf:1    | Reached skill level 5 in Spellcasting
 22457 | Elf:1    | Reached skill level 6 in Spellcasting
 22575 | Elf:1    | Noticed Snorg
 22582 | Elf:1    | Killed Snorg
 22676 | Elf:1    | Reached skill level 7 in Spellcasting
 22787 | Elf:1    | Noticed Kirke
 22799 | Elf:1    | Killed Kirke
 22823 | Elf:1    | Noticed Louise
 22855 | Elf:1    | Killed Louise
 22855 | Elf:1    | Reached skill level 8 in Spellcasting
 23095 | Elf:2    | Noticed Jorgrun
 23107 | Elf:2    | Killed Jorgrun
 23107 | Elf:2    | Reached skill level 9 in Spellcasting
 23331 | Elf:2    | Noticed Frances
 23343 | Elf:2    | Killed Frances
 23348 | Elf:2    | Noticed Roxanne
 23356 | Elf:2    | Killed Roxanne
 23409 | Elf:2    | Reached skill level 10 in Spellcasting
 23621 | Elf:2    | Reached skill level 1 in Charms
 23621 | Elf:2    | Reached skill level 1 in Translocations
 23621 | Elf:2    | Reached skill level 1 in Air Magic
 24065 | Snake:1  | Entered Level 1 of the Snake Pit
 24104 | Lair:3   | Reached skill level 2 in Dodging
 24114 | Lair:3   | Reached XP level 17. HP: 90/205 MP: 0/34
 24561 | Snake:1  | Reached skill level 1 in Armour
 24561 | Snake:1  | Reached skill level 3 in Dodging
 24711 | Snake:2  | Reached skill level 4 in Dodging
 24846 | Snake:2  | Reached skill level 2 in Armour
 24897 | Snake:2  | Found Phiat's Antique Weapon Shop.
 24977 | Snake:2  | Reached skill level 5 in Dodging
 25000 | Snake:2  | Noticed Vashnia
 25030 | Snake:2  | Killed Vashnia
 25075 | Snake:1  | Noticed Sonja
 25079 | Snake:1  | Killed Sonja
 25287 | Snake:1  | Reached skill level 3 in Armour
 25419 | Snake:1  | Reached skill level 6 in Dodging
 25706 | Snake:3  | Noticed Norris
 25718 | Snake:3  | Killed Norris
 25795 | Snake:3  | Noticed Wiglaf
 25807 | Snake:3  | Killed Wiglaf
 25807 | Snake:3  | Reached skill level 7 in Dodging
 25829 | Snake:3  | Noticed Rupert
 25830 | Snake:3  | Paralysed by Rupert for 5 turns
 25842 | Snake:3  | Killed Rupert
 26164 | Snake:4  | Found a snail-covered altar of Cheibriados.
 26193 | Snake:4  | Reached skill level 4 in Armour
 26224 | Snake:4  | Noticed Mara
 26230 | Snake:4  | Killed Mara
 26908 | Snake:5  | Entered Level 5 of the Snake Pit
 26941 | Snake:5  | Reached skill level 22 in Fighting
 27372 | Snake:5  | Found Jaal's Jewellery Shop.
 27390 | Snake:5  | Reached XP level 18. HP: 178/218 MP: 28/34
 27602 | Snake:5  | Got an iridescent dagger
 27639 | Snake:5  | Identified the cursed +0 dagger "Poj Mies" {flame, rF+ MR+ Int+2} (You found it on level 5 of the Snake Pit)
 27835 | Snake:5  | Reached skill level 8 in Dodging
 28621 | Snake:5  | Reached skill level 23 in Maces & Flails
 28902 | Snake:5  | Got a serpentine rune of Zot
 29129 | Snake:5  | Bought an uncursed amulet of clarity for 320 gold pieces
 29129 | Snake:5  | Bought an uncursed amulet of stasis for 280 gold pieces
 29129 | Snake:5  | Bought an uncursed ring of teleport control for 800 gold pieces
 29129 | Snake:5  | Bought an uncursed ring of protection from cold for 400 gold pieces
 29129 | Snake:5  | Bought a +3 ring of evasion for 336 gold pieces
 29359 | Snake:2  | Noticed Aizul
 29388 | Snake:2  | Killed Aizul
 29388 | Snake:2  | Reached skill level 23 in Fighting
 29526 | Snake:2  | Found an ancient bone altar of Kikubaaqudgha.
 29766 | Shoals:1 | Entered Level 1 of the Shoals
 29766 | Shoals:1 | Noticed Nikola
 29825 | Shoals:1 | Reached skill level 9 in Dodging
 29990 | Shoals:1 | Killed Nikola
 30166 | Shoals:1 | Got a flickering ruby amulet
 30167 | Shoals:1 | Identified the amulet of Mnouruoca {Stasis rF++ rN+ Slay+5} (You found it on level 1 of the Shoals)
 30743 | Shoals:1 | Reached XP level 19. HP: 231/231 MP: 35/35
 31614 | Shoals:3 | Reached skill level 24 in Maces & Flails
 31809 | Shoals:4 | Reached skill level 24 in Fighting
 31885 | Shoals:5 | Entered Level 5 of the Shoals
 32177 | Shoals:5 | Noticed Ilsuiw
 32209 | Shoals:5 | Killed Ilsuiw
 32291 | Shoals:5 | HP: 16/234 [merfolk impaler/demon trident (17)]
 32292 | Shoals:5 | HP: 2/234 [merfolk impaler/trident (12)]
 32293 | Shoals:5 | Mangled by a merfolk impaler

Action                   |  1- 3 |  4- 6 |  7- 9 | 10-12 | 13-15 | 16-18 | 19-21 || total
-------------------------+-------+-------+-------+-------+-------+-------+-------++-------
Melee: Unarmed           |    13 |       |       |       |       |       |       ||    13
       Club              |    17 |       |       |       |       |       |       ||    17
       Mace              |    67 |   208 |   336 |   128 |       |       |       ||   739
       Morningstar       |       |       |       |   194 |       |       |       ||   194
       Giant spiked club |       |       |       |   657 |    28 |       |       ||   685
       Whip              |       |       |       |     9 |       |       |       ||     9
       Giant club        |       |       |       |       |  1070 |   991 |   297 ||  2358
Throw: Throwing net      |     5 |     1 |     2 |     4 |     2 |       |       ||    14
       Large rock        |     2 |       |    13 |    35 |     3 |    46 |     9 ||   108
       Stone             |     2 |     3 |     4 |    20 |    37 |    21 |     7 ||    94
       Javelin           |       |     4 |    14 |    41 |    29 |    18 |       ||   106
       Tomahawk          |       |       |       |    14 |    47 |    53 |    12 ||   126
 Cast: Corona            |    40 |    42 |    33 |    77 |    56 |    54 |     4 ||   306
       Apportation       |       |       |       |       |     8 |   128 |    53 ||   189
       Flight            |       |       |       |       |       |     5 |    19 ||    24
Invok: Minor Destruction |       |       |       |     4 |       |       |       ||     4
       Lesser Servant of |       |       |       |     2 |     2 |       |       ||     4
 Abil: Evoke Teleportati |       |       |       |       |     1 |       |       ||     1
Evoke: Wand              |       |       |     4 |    10 |    10 |    15 |       ||    39
  Use: Scroll            |     7 |     6 |     4 |     7 |    12 |    15 |     1 ||    52
       Potion            |       |     7 |     1 |     3 |     2 |     1 |     1 ||    15
 Stab: Held in net/web   |       |       |       |     5 |       |       |       ||     5
       Sleeping          |       |       |       |       |     1 |    10 |     1 ||    12
       Distracted        |       |       |       |       |     1 |       |       ||     1
  Eat: Chunk             |     1 |     6 |     6 |    25 |    17 |    23 |       ||    78
       Beef jerky        |     1 |     1 |       |     1 |     1 |     3 |       ||     7
       Bread ration      |       |       |     1 |       |     1 |     1 |       ||     3
       Royal jelly       |       |       |       |     1 |       |       |     1 ||     2
       Fruit             |       |       |       |     2 |     1 |     7 |       ||    10
       Pizza             |       |       |       |       |     3 |     3 |       ||     6

Table legend:
 A = Turns spent in this place as a percentage of turns spent in the entire game.
 B = Non-inter-level travel turns spent in this place as a percentage of non-inter-level travel turns spent in the entire game.
 C = Inter-level travel turns spent in this place as a percentage of turns spent in this place.
 D = Turns resting spent in this place as a percentage of non-inter-level travel turns spent in this place.
 E = Turns spent auto-exploring this place as a percentage of non-inter-level travel turns spent in this place.
 F = Non-inter-level travel turns spent in this place divided by the number of levels of this place that you've seen.
                   A       B       C       D       E      F
               +-------+-------+-------+-------+-------+----------------------
         Total | 100.0 | 100.0 |   0.5 |   1.0 |   0.1 | 610.9
       Dungeon |  32.4 |  32.4 |   0.5 |   0.3 |   0.0 | 566.7
  Orcish Mines |   9.7 |   9.7 |   0.8 |   1.1 |   0.4 | 636.5
   Elven Halls |   6.1 |   6.1 |   0.2 |   2.6 |   0.1 | 802.5
          Lair |  21.8 |  21.8 |   0.6 |   0.2 |   0.0 | 715.2
        Shoals |   7.8 |   7.8 |   0.1 |   0.3 |   0.0 | 410.6
     Snake Pit |  16.5 |  16.5 |   0.5 |   2.6 |   0.0 | 866.0
     Labyrinth |   2.1 |   2.1 |   0.0 |   0.0 |   0.0 | 552.0
         Sewer |   1.4 |   1.4 |   0.0 |   3.3 |   0.0 | 363.0
      Ice Cave |   1.0 |   1.0 |   0.0 |   0.7 |   0.0 | 270.0
       Volcano |   1.2 |   1.2 |   0.0 |   4.6 |   0.0 | 327.0
               +-------+-------+-------+-------+-------+----------------------

Table legend:
 A = Kills in this place as a percentage of kills in entire the game.
 B = Kills by you in this place as a percentage of kills by you in the entire game.
 C = Kills by friends in this place as a percentage of kills by friends in the entire game.
 D = Other kills in this place as a percentage of other kills in the entire game.
 E = Experience gained in this place as a percentage of experience gained in the entire game.
 F = Experience gained in this place divided by the number of levels of this place that you have seen.
                   A       B       C       D       E      F
               +-------+-------+-------+-------+-------+----------------------
         Total | 100.0 | 100.0 | 100.0 | 100.0 | 100.0 | 8597.3
       Dungeon |  28.1 |  28.0 | 100.0 | 100.0 |  13.8 | 3412.9
  Orcish Mines |  14.8 |  14.8 |   0.0 |   0.0 |   4.4 | 4050.8
   Elven Halls |   4.6 |   4.6 |   0.0 |   0.0 |  10.3 | 19114.0
          Lair |  26.1 |  26.1 |   0.0 |   0.0 |  18.5 | 8562.6
        Shoals |   9.0 |   9.0 |   0.0 |   0.0 |  18.3 | 13560.2
     Snake Pit |  13.3 |  13.3 |   0.0 |   0.0 |  31.9 | 23575.6
     Labyrinth |   0.4 |   0.4 |   0.0 |   0.0 |   0.4 | 1305.0
         Sewer |   1.3 |   1.3 |   0.0 |   0.0 |   0.0 | 170.0
      Ice Cave |   1.3 |   1.3 |   0.0 |   0.0 |   1.4 | 5269.0
       Volcano |   1.1 |   1.1 |   0.0 |   0.0 |   0.8 | 3138.0
               +-------+-------+-------+-------+-------+----------------------

Vault maps used:
D:1:      dpeg_arrival_shrine, serial_bayou_crossing
D:3:      bloody_makhleb, lemuel_doored_altar, minmay_hedge_maze
D:4:      portal_sewer_entry_b, first_bread, serial_park, serial_park_square2,
          serial_park_gazebo, st_stairs_11
D:5:      uniq_menkaure
D:6:      serial_shops, nicolae_shop_crystal
D:7:      lemuel_crystal_altar, minmay_temple_entry_crystal_x, basic_altar
D:8:      xom_confusion_cloud, hangedman_little_slice_of_home,
          jmf_multi_god_temple
D:9:      lemuel_round_altar, serial_shops, nicolae_shop_overgrown_old_shop,
          uniq_eustachio
D:10:     orc_0_dummy, david_lair_generic, grunt_decor_mini_mirrors
D:12:     nicolae_looking_at_the_future
D:13:     guppyfry_shop_venom
D:14:     david_vaults_4, grunt_decor_cap, portal_ice_cave_entry_pillars_02,
          basic_altar, uniq_erica
D:15:     hangedman_depths_entry_civil_slaughter, fountainhead, serial_shops,
          shop, minmay_misc_feat_doors, uniq_nessos
Orc:2:    statue_in_the_mist_lemuel, uniq_harold
Orc:3:    nicolae_orc_pool_cavern
Orc:4:    nicolae_volcano_entry_lava_flow, grunt_orc_cross,
          nicolae_orc_tapped_out, uniq_psyche, uniq_donald, uniq_maurice,
          uniq_urug
Elf:1:    minmay_elf_arrival_plus, serial_shops, shop_fountains, uniq_kirke,
          uniq_snorg, uniq_louise
Elf:2:    basic_stair_grate_trap, uniq_jorgrun, uniq_roxanne, uniq_frances
Lair:2:   lab_entry_generic, ldierk_geyser
Lair:3:   minmay_shoals_entry_beasts, minmay_snake_entry_six_corridors
Lair:4:   kennysheep_basilisk_garden, uniq_maud, uniq_fannar
Lair:5:   grunt_megastairs_4, lemuel_fruit_fields, infiniplex_staircase_pool,
          lemuel_fruit_tree
Lair:6:   minmay_lair_oklob_bushes, infiniplex_staircase_pool_2,
          lemuel_fruit_fields, grunt_megastairs_3
Lair:8:   hangedman_lair_caniforms_friends, guppyfry_lair_end_dragon,
          minmay_slime_entry_oklob_enclosed, serial_bayou_shore_b
Shoals:1: uniq_nikola
Shoals:2: nicolae_shoals_water_elemental_grotto
Shoals:3: nicolae_shoals_wave_tunnel
Shoals:4: serial_shops, shop
Shoals:5: shoals_end_simple, shoals_ilsuiw_alternative
Snake:1:  uniq_sonja
Snake:2:  basic_altar, serial_shops, shop, st_stairs_8, uniq_vashnia, uniq_aizul
Snake:3:  uniq_wiglaf, uniq_norris, uniq_rupert
Snake:4:  basic_altar, uniq_mara
Snake:5:  snake_pit, serial_shops, shop, serial_bayou_ford_a,
          serial_bayou_lagoon_a
Lab:      labyrinth_mini_lab, nicolae_lab_diamond
Sewer:    sewer_co_15_rooms
IceCv:    ice_cave_small_dragons
Volcano:  volcano_grotto
